 Dungeon Crawl Stone Soup version 0.18-a0-884-gb6cfd45 (webtiles) character file.

71 cluie the Chiller (level 4, 27/32 HPs)
             Began as a Demonspawn Ice Elementalist on Dec 22, 2015.
             Quit the game on level 2 of the Dungeon.
             The game lasted 00:03:38 (1863 turns).

cluie the Chiller (Demonspawn Ice Elementalist)     Turns: 1863, Time: 00:03:39

Health: 27/32      AC:  4    Str:  8    XL:     4   Next: 5%
Magic:  2/7        EV: 12    Int: 22    God:
Gold:   116        SH:  2    Dex: 13    Spells: 2 memorised, 4 levels left

rFire  . . .     SeeInvis .     k - +0 spear
rCold  . . .     Gourm    .     a - +0 robe
rNeg   . . .     Faith    .     (no shield)
rPois  .         Spirit   .     (no helmet)
rElec  .         Dismiss  .     (no cloak)
rCorr  .         Reflect  .     (no gloves)
SustAt .         Harm     .     (no boots)
MR     .....     Rnd*Tele +     (no amulet)
Stlth  ++........               n - +4 ring of intelligence
                                j - ring of teleportation (curse)

@: very slightly contaminated, not resistant to hostile enchantments, unstealthy
A: large bone plates 1, rot immunity
a: Evoke Teleportation


You were on level 2 of the Dungeon.
You were not hungry.

You visited 1 branch of the dungeon, and saw 2 of its levels.

You collected 116 gold pieces.

Inventory:

Hand Weapons
 k - a +0 spear (weapon)
Armour
 a - a +0 robe (worn)
Jewellery
 j - a cursed ring of teleportation (left hand)
 n - a +4 ring of intelligence (right hand)
Scrolls
 i - a scroll of blinking {unknown}
 l - a scroll of magic mapping {unknown}
Potions
 e - 2 potions of curing {unknown}
 f - 2 potions of mutation {unknown}
 h - a potion of cancellation {unknown}
 p - a potion of haste {unknown}
Books
 b - a book of Frost

   Spells                             Type                      Level
   a - Freeze                         Ice                          1
   b - Throw Frost                    Conjuration/Ice              2
   c - Ozocubu's Armour               Charms/Ice                   3
   d - Throw Icicle                   Conjuration/Ice              4
   e - Summon Ice Beast               Ice/Summoning                4
   f - Condensation Shield            Ice                          4
Comestibles
 c - 3 bread rations
 d - a meat ration
 g - 2 beef jerkies
 m - 2 chunks of flesh
 o - a slice of pizza


   Skills:
 + Level 1.6 Fighting
 + Level 2.2 Dodging
 - Level 1.7 Stealth
 + Level 2.5 Spellcasting
   Level 1.0 Conjurations
 * Level 3.3 Ice Magic


You had 4 spell levels left.
You knew the following spells:

 Your Spells              Type           Power        Failure   Level  Hunger
a - Freeze                Ice            ###.         3%          1    None
b - Ozocubu's Armour      Chrm/Ice       ##......     21%         3    ###....


Dungeon Overview and Level Annotations

Branches:
Dungeon (2/15)

Altars:


Innate Abilities, Weirdness & Mutations

You are partially covered in large bone plates (AC +2, SH +2).
You are immune to rotting.


Message History

Press: ? - help, Shift-Dir - straight line, f/p - adder
Aim: an adder (almost dead, slow)
You freeze the adder.
You kill the adder!
You have reached level 4!
You feel clever.
Your demonic ancestry asserts itself...
You feel immune to rotting. The giant newt closely misses you.
You miss the giant newt.
The giant newt bites you but does no damage.
You barely miss the giant newt. The giant newt closely misses you.
You hit the giant newt.
You kill the giant newt!
There is an open door here.
You see here a giant newt corpse.
Are you sure you want to abandon this character and quit the game? (Confirm with "yes".)
Okay, then.
Autopickup is now off.
Autopickup is now on.
Are you sure you want to abandon this character and quit the game? (Confirm with "yes".)

######### .........
################........
........................
################@######
#..... #..[......#
#..... #.........#
......####.........#
..####.........#####
..####(........+
...............### #####
## ................
..#...#..#
..........######
.#.#.#..#


There were no monsters in sight!

Vanquished Creatures
  3 adders (D:2)
  A worm (D:2)
  2 ball pythons
  9 bats
  A giant cockroach (D:1)
  5 hobgoblins
  2 jackals (D:2)
  A quokka (D:2)
  3 giant newts
  5 goblins (D:1)
  7 kobolds
  4 rats (D:1)
43 creatures vanquished.

Notes
Turn   | Place    | Note
--------------------------------------------------------------
     0 | D:1      | cluie the Demonspawn Ice Elementalist began the quest for the Orb.
     0 | D:1      | Reached XP level 1. HP: 13/13 MP: 3/3
   680 | D:1      | Reached skill level 3 in Ice Magic
   680 | D:1      | Gained mutation: You are partially covered in large bone plates (AC +2, SH +2). [demonic ancestry]
   680 | D:1      | Reached XP level 2. HP: 14/20 MP: 0/5
  1350 | D:2      | Reached skill level 1 in Fighting
  1497 | D:2      | Reached XP level 3. HP: 19/26 MP: 3/6
  1748 | D:2      | Learned a level 3 spell: Ozocubu's Armour
  1858 | D:2      | Gained mutation: You are immune to rotting. [demonic ancestry]
  1858 | D:2      | Reached XP level 4. HP: 27/32 MP: 1/7
  1863 | D:2      | Quit the game

Vault maps used:
D:1:      erik_arrival_blinker_ship, amethyst_killhole
D:2:      first_bread

Action                   |  1- 3 |  4- 6 || total
-------------------------+-------+-------++-------
Melee: Unarmed           |    18 |       ||    18
       Spear             |    79 |     3 ||    82
       Dagger            |    11 |       ||    11
 Cast: Freeze            |    30 |     1 ||    31
  Use: Scroll            |     2 |       ||     2
 Stab: Sleeping          |     3 |       ||     3
  Eat: Chunk             |     3 |       ||     3
